 Dungeon Crawl Stone Soup version 0.31-a0-161-gb58dd9be76 (webtiles) character file.

Game seed: 17967745479229211168

1 Serulin the Sneak (level 1, -2/14 HPs)
             Began as a Gargoyle Delver on June 13, 2023.
             Slain by a hobgoblin (4 damage)
             ... on level 4 of the Dungeon.
             The game lasted 00:00:32 (74 turns).

Serulin the Sneak (Gargoyle Delver)                   Turns: 74, Time: 00:00:32

Health: -2/14      AC:  5    Str: 15    XL:     1   Next: 20%
Magic:  1/1        EV: 11    Int: 10    God:
Gold:   20         SH:  0    Dex: 11    Spells: 0/0 levels left

rFire   . . .        a - +0 mace
rCold   . . .        (no shield)
rNeg    + . .        b - +0 leather armour
rPois   ∞            (no helmet)
rElec   +            (no cloak)
rCorr   .            (no gloves)
SInv    .            (no boots)
Will    .....        (no amulet)
Stlth   +++          (no ring)
HPRegen 0.22/turn    (no ring)
MPRegen 0.07/turn

%: no passive effects
@: no status effects
A: sickness immunity, AC +2, negative energy resistance 1, electricity
resistance, torment resistance 1, petrification resistance
a: no special abilities


You were on level 4 of the Dungeon.
You visited 1 branch of the dungeon, and saw 2 of its levels.

You collected 20 gold pieces.

Inventory:

Hand Weapons
 a - a +0 mace (weapon)
Armour
 b - a +0 leather armour (worn)
Wands
 g - a wand of digging (3)
Scrolls
 c - a scroll of fog
 d - a scroll of revelation
 e - a scroll of fear
 i - a scroll of noise {unknown}
Potions
 f - a potion of haste
 h - a potion of magic {unknown}


   Skills:
 + Level 3.3 Fighting
 + Level 2.0 Maces & Flails
 + Level 1.6 Dodging
 + Level 5.5 Stealth


You couldn't memorise any spells.
You didn't know any spells.
Your spell library was empty.

Dungeon Overview and Level Annotations

Branches:
Dungeon (5/15)
 Temple: D:4-7

Altars:

Annotations:
D:4 1 transporter, knightboat's ghost, amateur TeMo


Innate Abilities, Weirdness & Mutations

You are immune to sickness and miasma.
Your stone body is resilient. (AC +2)
You are immune to poison.
You resist negative energy. (rN+)
You are resistant to electric shocks. (rElec)
You are resistant to unholy torment.
You are immune to petrification.


Message History

The goblin closely misses you.
You barely miss the goblin. The goblin barely misses you.
The hobgoblin barely misses you.
You hit the goblin.
The goblin is heavily wounded.
The goblin hits you but does no damage. The hobgoblin hits you.
The hobgoblin closely misses you. The goblin hits you but does no damage.
You barely miss the goblin.
The goblin is heavily wounded.
The adder closely misses you. The adder bites you.
The goblin hits you with a +0 club. The hobgoblin barely misses you.
You sock the goblin!
You kill the goblin!
The adder barely misses you. The hobgoblin barely misses you.
The adder bites you but does no damage. The adder attacks as you move away!
The adder barely misses you.
The hobgoblin hits you but does no damage.
Things that are here:
a +0 club; a goblin corpse The hobgoblin hits you but does no damage.
You hit the hobgoblin.
The hobgoblin is heavily wounded.
The adder bites you but does no damage. The hobgoblin closely misses you.
The adder closely misses you.
The endoplasm hits you but does no damage.
The hobgoblin hits you but does no damage.
You hit the hobgoblin but do no damage.
The hobgoblin is heavily wounded.
The adder bites you. The endoplasm freezes you.
You are frozen.
* * * LOW HITPOINT WARNING * * *
The hobgoblin completely misses you. The adder bites you.
* * * LOW HITPOINT WARNING * * *
Unknown command.
Unknown command.
You closely miss the adder. The adder closely misses you.
The endoplasm hits you but does no damage.
The hobgoblin hits you.
You die... #####...# .##... .(......# ...... #####...# ZZ....

........########
..............©.
#....#..........
#............#.#
##.............#
#.#....@.......
......JSg......
..##.#.........
.......!.##....
.........# ....
#......... ...
#.......... ..
#...........
#........##..


You could see an adder, a wyvern zombie, an endoplasm, a hobgoblin and a water
moccasin skeleton.

Vanquished Creatures
  A goblin (D:4)
1 creature vanquished.

Notes
Turn   | Place    | Note
-------+----------+-------------------------------------------
     0 | D:5      | Serulin the Gargoyle Delver began the quest for the Orb.
     0 | D:5      | Reached XP level 1. HP: 14/14 MP: 1/1
    56 | D:4      | Found a transporter.
    59 | D:4      | Noticed knightboat's ghost (amateur TeMo)
    70 | D:4      | Noticed a water moccasin zombie
    71 | D:4      | Noticed a wyvern zombie
    74 | D:4      | Slain by a hobgoblin

Illustrated notes

Levels and vault maps discovered:
D:4:      layout_rooms, minmay_temple_entry_grid, gammafunk_ghost_mausoleum,
          amcnicky_mini_corridor_feature, uniq_ijyb
D:5:      layout_basic, gammafunk_ghost_icy

Action                     || total
---------------------------++-------
  Melee: Mace              ||     9
 Armour: Leather armour    ||     9
  Dodge: Dodged            ||    14

Table legend: (Time is in decaauts)
 A = Elapsed time spent in this place.
 B = Non-inter-level travel time spent in this place.
 C = Inter-level travel time spent in this place.
 D = Time resting spent in this place.
 E = Time spent auto-exploring this place.
 F = Levels seen in this place.
 G = Mean time per level.
                   A        B        C        D        E       F      G
               +--------+--------+--------+--------+--------+-----+--------+
         Total |     76 |     76 |      0 |      0 |      0 |   2 |   38.0 |
       Dungeon |     76 |     76 |      0 |      0 |      0 |   2 |   38.0 |
               +--------+--------+--------+--------+--------+-----+--------+

Top non-repeatable levels by time:
     D:4: 40 daAuts
     D:5: 36 daAuts
